 Dungeon Crawl Stone Soup version 0.29-a0-617-g7a6b98fccd (webtiles) character file.

Game seed: 6396048017356998961

479 thriggle the Shield-Bearer (level 7, -1/49 HPs)
             Began as a Formicid Fighter on June 17, 2022.
             Was a Believer of Hepliaklqana.
             Slain by a steam dragon (2 damage)
             ... on level 5 of the Dungeon.
             The game lasted 00:12:02 (4434 turns).

thriggle the Shield-Bearer (Formicid Fighter)       Turns: 4434, Time: 00:12:03

Health: -1/49      AC:  8    Str: 21    XL:     7   Next: 33%
Magic:  8/8        EV:  9    Int:  7    God:    Hepliaklqana [**....]
Gold:   186        SH: 12    Dex: 15    Spells: 7/8 levels left

rFire   . . .      SeeInvis +   a - +0 quarterstaff
rCold   . . .      Faith    .   u - +2 kite shield
rNeg    . . .      Spirit   .   b - +1 scale mail
rPois   .          Reflect  .   (helmet unavailable)
rElec   .          Harm     .   (no cloak)
rCorr   .          Rampage  .   (no gloves)
Will    .....                   (no boots)
Stlth   ..........              (no amulet)
HPRegen 0.16/turn               s - ring of wizardry
MPRegen 0.11/turn               (no ring)

@: no status effects
A: reduced essence, permanent stasis, dig shafts and tunnels, antennae 3, four
strong arms, MP-powered wands, noise suppression
a: Dig, Shaft Self, Renounce Religion, Recall Ancestor, Ancestor Identity


You were on level 5 of the Dungeon.
You worshipped Hepliaklqana.
Hepliaklqana was pleased with you.
You visited 1 branch of the dungeon, and saw 5 of its levels.

You collected 186 gold pieces.

Inventory:

Hand Weapons
 a - a +0 quarterstaff (weapon)
 m - a +0 hunting sling
Missiles
 e - 125 stones
 i - 5 datura-tipped darts
 k - 8 boomerangs
 o - 6 poisoned darts
Armour
 b - a +1 scale mail (worn)
 c - a +1 buckler
 u - a +2 kite shield (worn)
Magical Staves
 g - a staff of earth
Jewellery
 s - a ring of wizardry (left hand)
 v - an amulet of reflection
Wands
 j - a wand of charming (4)
 n - a wand of mindburst (13)
 w - a wand of polymorph (8)
Scrolls
 h - a scroll of poison
 l - a scroll of magic mapping
 q - a scroll of fear {unknown}
 r - a scroll of enchant armour
Potions
 d - 2 potions of might
 f - a potion of heal wounds
 p - 2 potions of curing
 z - a potion of lignification {unknown}


   Skills:
 + Level 4.6 Fighting
 + Level 3.4 Staves
 + Level 2.5 Slings
 + Level 4.5 Armour
 + Level 1.6 Dodging
 + Level 1.1 Stealth
 + Level 5.5 Shields
 + Level 1.0 Spellcasting
 + Level 1.4 Evocations


You had 7 spell levels left.
You knew the following spells:

 Your Spells              Type           Power      Damage    Failure   Level
a - Apportation           Tloc           0%         N/A       65%         1

Your spell library contained the following spells:

 Spells                   Type           Power      Damage    Failure   Level
 Frozen Ramparts          Ice            0%         1d2       94%         3
 Gell's Gravitas          Tloc           0%         N/A       94%         3
 Ozocubu's Armour         Ice            0%         N/A       94%         3
 Stone Arrow              Conj/Erth      0%         3d7       94%         3
 Teleport Other           Tloc           0%         N/A       94%         3
 Animate Armour           Summ/Erth      0%         N/A       100%        4
 Ice Form                 Ice/Tmut       0%         N/A       100%        4
 Summon Ice Beast         Ice/Summ       0%         N/A       100%        4
 Alistair's Intoxication  Tmut/Pois      0%         N/A       100%        5
 Metabolic Englaciation   Hex/Ice        0%         N/A       100%        5
 Dispersal                Tloc           0%         N/A       100%        6
 Simulacrum               Ice/Necr       0%         N/A       100%        6
 Lehudib's Crystal Spear  Conj/Erth      0%         10d2      100%        8


Dungeon Overview and Level Annotations

Branches:
Dungeon (5/15)
 Temple: D:4-7

Altars:
Elyvilon
Hepliaklqana
Yredelemnul

Shops:
D:2 *


Innate Abilities, Weirdness & Mutations

Your life essence is reduced to manifest your ancestor. (-10% HP)
You cannot be hasted, slowed, berserked, paralysed or teleported.
You can dig through walls and to a lower floor.
You have a pair of large antennae on your head. (SInv)
Your four strong arms can wield two-handed weapons with a shield.
You expend magic power (3 MP) to strengthen your wands.
You passively dampen the noise of your surroundings.


Message History

You swap places.
You swap places.
A jelly comes into view.
The jelly quivers.
Arif points at the jelly and mumbles some strange words.
The jelly resists with significant effort.
You see here a +0 dagger.
A steam dragon comes into view.
The steam dragon hisses angrily.
Arif gestures at the jelly while chanting.
The jelly appears confused.
The steam dragon breathes steam at you. The ball of steam hits you!!
You are engulfed in a cloud of scalding steam.
The jelly is engulfed in a cloud of scalding steam.
Found a trident.
The steam dragon bites you but does no damage.
You block the steam dragon's attack.
The jelly is engulfed in a cloud of scalding steam.
You barely miss the steam dragon.
The steam dragon bites you but does no damage.
You block the steam dragon's attack.
The jelly is engulfed in a cloud of scalding steam.
The jelly dies!
You closely miss the steam dragon. The steam dragon breathes steam at you.
The ball of steam hits you!
* * * LOW HITPOINT WARNING * * *
Arif barely misses the steam dragon.
The steam dragon bites you!
* * * LOW HITPOINT WARNING * * *
The steam dragon closely misses you.
Arif hits the steam dragon but does no damage.
Arif hits the steam dragon with a +0 dagger of draining.
You hit the steam dragon.
The steam dragon is moderately wounded.
The steam dragon bites you.
* * * LOW HITPOINT WARNING * * *
The steam dragon claws you.
You die...

.........# .) .........# #
#.# #.......##.# #.#
##.....###.# #.#
###........# #.#
#........### #.# ###
#.##.#...# #.#####....
.......>.#####.ยงยง.......
#.##R#....)...RD@....##
#.#..#.#.#####.#######
.......#.# #... #........#
#.### ###.###### #.# ###.#
#.# .##.# #.# .##.# #..
.R#.#


You could see the friendly Arif the hexer and a steam dragon (catching breath,
ally target).

Vanquished Creatures
  A gnoll sergeant (D:3)
  A hound (D:5)
  5 gnolls (D:3)
  3 adders
  A white imp (D:5)
  An ufetubus (D:5)
  A worm (D:2)
  3 dart slugs
  5 orcs
  6 ball pythons
  4 bats
  11 endoplasms
  3 giant cockroaches (D:2)
  7 goblins
  5 hobgoblins
  6 jackals (D:1)
  3 kobolds (D:1)
  4 quokkas
  3 frilled lizards
  A rat (D:2)
74 creatures vanquished.

Vanquished Creatures (collateral kills)
  A scorpion (D:4)
  A jelly (D:4)
  An iguana (D:4)
  Ijyb (D:3)
  Robin (D:4)
  3 adders
  2 worms
  An orc (D:3)
  A ball python (D:2)
  2 giant cockroaches
  4 goblins (D:4)
  4 hobgoblins (D:4)
  A kobold (D:3)
  A bat (D:3)
  2 bushes (D:4)
26 creatures vanquished.

Vanquished Creatures (others)
  A jelly (D:5)
  An ancestor (D:3)
  5 plants (D:4)
7 creatures vanquished.

Grand Total: 107 creatures vanquished

Notes
Turn   | Place    | Note
-------+----------+-------------------------------------------
     0 | D:1      | thriggle the Formicid Fighter began the quest for the Orb.
     0 | D:1      | Reached XP level 1. HP: 18/18 MP: 1/1
   411 | D:1      | Reached XP level 2. HP: 24/24 MP: 2/2
   579 | D:1      | Found a faded altar of an unknown god.
   586 | D:1      | Reached XP level 3. HP: 18/29 MP: 3/3
   599 | D:1      | Prayed at the altar of an unknown god.
   599 | D:1      | Became a worshipper of Hepliaklqana the Forgotten
   599 | D:1      | Reached * piety under Hepliaklqana
  1289 | D:2      | Found Tirianno's Assorted Antiques.
  1558 | D:2      | Reached XP level 4. HP: 33/33 MP: 4/4
  2002 | D:3      | Reached skill level 1 in Slings
  2013 | D:3      | Reached XP level 5. HP: 18/37 MP: 5/5
  2261 | D:3      | Reached skill level 1 in Dodging
  2261 | D:3      | Reached skill level 5 in Shields
  2261 | D:3      | Reached XP level 6. HP: 9/43 MP: 6/6
  2540 | D:3      | Noticed Ijyb
  2552 | D:3      | Killed Ijyb
  2616 | D:3      | Found a basalt altar of Yredelemnul.
  2704 | D:3      | Found a white marble altar of Elyvilon.
  2799 | D:3      | Learned a level 1 spell: Apportation
  3147 | D:4      | Reached ** piety under Hepliaklqana
  3148 | D:4      | Remembered your ancestor Arif as a hexer
  3377 | D:4      | Reached skill level 1 in Evocations
  3437 | D:4      | Noticed Robin
  3446 | D:4      | Killed Robin
  3447 | D:4      | Reached XP level 7. HP: 42/49 MP: 7/7
  4221 | D:4      | Gained mutation: You passively dampen the noise of your
                  | surroundings. [potion of mutation]
  4221 | D:4      | Gained mutation: You expend magic power (3 MP) to
                  | strengthen your wands. [potion of mutation]
  4223 | D:5      | Entered Level 5 of the Dungeon
  4272 | D:5      | Reached skill level 1 in Stealth
  4272 | D:5      | Reached skill level 1 in Spellcasting
  4426 | D:5      | Noticed a steam dragon
  4434 | D:5      | HP: 1/49 [steam dragon (3)]
  4434 | D:5      | Slain by a steam dragon

Illustrated notes

Levels and vault maps discovered:
D:1:      minmay_arrival_jagged, layout_loops_cross,
          hellmonk_ecumenical_altar_dog_temple
D:2:      layout_loops_ring, serial_shops, shop
D:3:      layout_basic, kennysheep_ying_yang, uniq_ijyb
D:4:      layout_gridville, serial_forest, infiniplex_forest_clump_curved,
          infiniplex_forest_lined_2, infiniplex_forest_split,
          infiniplex_forest_straight_4, infiniplex_forest_clump_double,
          infiniplex_forest_lined_room_2, infiniplex_forest_straight_2,
          minivault_1, uniq_robin
D:5:      layout_loops_ring, minmay_temple_entry_water_ring

Skill      XL: |  1  2  3  4  5  6  7 |
---------------+----------------------+-----
Slings         | 1 2 |  2.5
Fighting       | 4 |  4.6
Staves         | 3 |  3.4
Armour         | 4 |  4.5
Dodging        | 1 |  1.6
Shields        | 5 |  5.5
Evocations     | 1 |  1.4
Stealth        | 1 |  1.1
Spellcasting   | 1 |  1.0

Action                   |  1- 3 |  4- 6 |  7- 9 || total
-------------------------+-------+-------+-------++-------
Melee: Quarterstaff      |    70 |   101 |    53 ||   224
Invok: Recall Ancestor   |     1 |     1 |       ||     2
       Ancestor Identity |     1 |       |       ||     1
       Ancestor Life: He |       |     1 |       ||     1
  Use: Scroll            |       |    10 |     2 ||    12
       Potion            |       |     1 |     1 ||     2
 Stab: Distracted        |       |     2 |     1 ||     3
       Confused          |       |     1 |     3 ||     4
Armor: Scale mail        |    31 |    34 |     8 ||    73
Dodge: Dodged            |    43 |    59 |     8 ||   110
Block: Buckler           |    16 |    28 |       ||    44
       Kite shield       |       |     7 |    24 ||    31

Table legend: (Time is in decaauts)
 A = Elapsed time spent in this place.
 B = Non-inter-level travel time spent in this place.
 C = Inter-level travel time spent in this place.
 D = Time resting spent in this place.
 E = Time spent auto-exploring this place.
 F = Levels seen in this place.
 G = Mean time per level.
                   A        B        C        D        E       F      G
               +--------+--------+--------+--------+--------+-----+--------+
         Total |   4483 |   4363 |    120 |    604 |   2627 |   5 |  896.6 |
       Dungeon |   4483 |   4363 |    120 |    604 |   2627 |   5 |  896.6 |
               +--------+--------+--------+--------+--------+-----+--------+

Top non-repeatable levels by time:
     D:1: 1289 daAuts
     D:4: 1177 daAuts
     D:2: 905 daAuts
     D:3: 897 daAuts
     D:5: 213 daAuts
